 Dungeon Crawl Stone Soup version 0.26-a0-665-gefeb406119 (webtiles) character file.

Game seed: 17768169406476653461

0 miscthings the Sneak (level 1, -2/20 HPs)
             Began as a Palentonga Delver on Oct 15, 2020.
             Was an Initiate of the Shining One.
             Slain by a sky beast (6 damage)
             ... on level 6 of the Dungeon.
             The game lasted 00:00:25 (38 turns).

miscthings the Sneak (Palentonga Delver)              Turns: 38, Time: 00:00:26

Health: -2/20      AC:  4    Str: 15    XL:     1   Next: 0%
Magic:  1/1        EV:  9    Int: 10    God:    the Shining One [......]
Gold:   17         SH:  0    Dex: 11    Spells: 0/0 levels left

rFire    . . .     SeeInvis +   a - +0 hand axe
rCold    . . .     Faith    .   (no shield)
rNeg     . . .     Spirit   .   b - +0 leather armour
rPois    .         Reflect  .   (no helmet)
rElec    .         Harm     .   (no cloak)
rCorr    .         Rampage  .   (no gloves)
MR       .....                  (no barding)
Stlth    +.........             (no amulet)
HPRegen  0.06/turn              (no ring)
MPRegen  0.07/turn              (no ring)

@: glowing
A: large, rugged brown scales 3, see invisible, deformed body, roll, armoured
tail
a: Rolling Charge, Renounce Religion


You were on level 6 of the Dungeon.
You worshipped the Shining One.
The Shining One was noncommittal.
You visited 1 branch of the dungeon, and saw 2 of its levels.

You collected 17 gold pieces.

Inventory:

Hand Weapons
 a - a +0 hand axe (weapon)
Armour
 b - a +0 leather armour (worn)
Wands
 g - a wand of digging (2)
Scrolls
 c - a scroll of fog
 d - a scroll of magic mapping
 e - a scroll of fear
Potions
 f - a potion of haste


   Skills:
 - Level 3.0 Fighting
 + Level 2.0 Axes
 - Level 1.5 Dodging
 - Level 3.3 Stealth


You couldn't memorise any spells.
You didn't know any spells.
Your spell library was empty.

Dungeon Overview and Level Annotations

Branches:
Dungeon (6/15)
 Temple: D:4-7

Altars:
Sif Muna
Xom
The Shining One

Annotations:
D:6 3 runed translucent doors, Psyclone's ghost, novice OpCj; jasper's ghost, novice VSFi


Innate Abilities, Weirdness & Mutations

You are completely covered in rugged brown scales. (AC +3, +7% HP)
You have supernaturally acute eyesight. (SInv)
Armour fits poorly on your strangely shaped body.
You can roll at foes to attack.
You have a long armoured tail.


Message History

The withered plant begins to crumble.
There are no items here.
The sky beast flickers out of sight for a moment.
There is a stone staircase leading up here.
The withered plant crumbles away.
The sky beast hits you but does no damage.
Evoke which item? (* to show all) (? for menu, Esc to quit)
Press: ? - help, Shift-Dir - straight line A rock wall.
The rock shatters into small pieces.
The sky beast flickers out of sight for a moment.
You barely miss the sky beast. The sky beast hits you.
The sky beast shocks you.
You closely miss the sky beast.
Your tail-slap misses the sky beast.
The sky beast hits you. The sky beast shocks you.
* * * LOW HITPOINT WARNING * * *
The sky beast hits you.
* * * LOW HITPOINT WARNING * * *
The sky beast shocks you.
You die...

#.#..#....8#
#.#..#.⌠P(##
#.#########
#.#... #.#.#
#...# ##.###
##Y## #@##
#.## #.# #.#
#.# ##


You could see a sky beast.

Vanquished Creatures (others)
  A withered plant (D:6)
1 creature vanquished.

Notes
Turn   | Place    | Note
-------+----------+-------------------------------------------
     0 | D:5      | miscthings the Palentonga Delver began the quest for the
                  | Orb.
     0 | D:5      | Reached XP level 1. HP: 20/20 MP: 1/1
     2 | D:5      | Found a shimmering blue altar of Sif Muna.
     7 | D:5      | Became a worshipper of the Shining One
    12 | D:6      | Found a runed translucent gate.
    12 | D:6      | Found a runed translucent gate.
    12 | D:6      | Found a runed translucent gate.
    12 | D:6      | Noticed jasper's ghost (novice VSFi)
    12 | D:6      | Noticed Psyclone's ghost (novice OpCj)
    12 | D:6      | Noticed a sky beast
    38 | D:6      | Slain by a sky beast

Illustrated notes

Levels and vault maps discovered:
D:5:      layout_cave_pods, nicolae_overflow_hidden_temple,
          minmay_temple_entry_mist, uniq_sigmund
D:6:      layout_basic, gammafunk_ghost_cemetery, uniq_maggie

Action                   || total
-------------------------++-------
Melee: Hand axe          ||     2
Evoke: Wand              ||     1
Armor: Leather armour    ||     1

Table legend: (Time is in decaauts)
 A = Elapsed time spent in this place.
 B = Non-inter-level travel time spent in this place.
 C = Inter-level travel time spent in this place.
 D = Time resting spent in this place.
 E = Time spent auto-exploring this place.
 F = Levels seen in this place.
 G = Mean time per level.
                   A        B        C        D        E       F      G
               +--------+--------+--------+--------+--------+-----+--------+
         Total |     37 |     33 |      4 |      0 |      0 |   2 |   18.5 |
       Dungeon |     37 |     33 |      4 |      0 |      0 |   2 |   18.5 |
               +--------+--------+--------+--------+--------+-----+--------+

Top non-repeatable levels by time:
     D:6: 25 daAuts
     D:5: 12 daAuts
